 Dungeon Sprint DCSS version 0.21-a0-264-g3e31e41 (webtiles) character file.

67 Kidiri the Sneak (level 4, -2/22 HPs)
             Began as a Spriggan Enchanter on Sept 8, 2017.
             Slain by Menkaure (7 damage)
             ... in the Dungeon (Sprint II: "The Violet Keep of Menkaure").
             The game lasted 00:00:38 (52 turns).

Kidiri the Sneak (Spriggan Enchanter)                 Turns: 52, Time: 00:00:39

Health: -2/22      AC:  2    Str:  4    XL:     4   Next: 0%
Magic:  11/11      EV: 21    Int: 16    God:
Gold:   0          SH:  0    Dex: 17    Spells: 0/12 levels left

rFire    . . .     SeeInvis +   a - +1 dagger
rCold    . . .     Gourm    .   (shield restricted)
rNeg     . . .     Faith    .   b - +0 robe
rPois    .         Spirit   .   (helmet restricted)
rElec    .         Reflect  .   (no cloak)
rCorr    .         Harm     .   (gloves unavailable)
MR       .....     NoTele   +   (boots unavailable)
Stlth    ++++......             (no amulet)
HPRegen  0.07/turn              (no ring)
MPRegen  0.12/turn              (no ring)

@: berserk cooldown, very quick
A: unfitting armour, see invisible, herbivore 3, speed 3, slow metabolism 2
a: no special abilities


You were in the Dungeon.
You were not hungry.

You visited 1 branch

Inventory:

Hand Weapons
 a - a +1 dagger (weapon)
Armour
 b - a +0 robe (worn)
Scrolls
 j - a scroll of blinking
Potions
 e - a potion of curing
 f - a potion of heal wounds
 g - a potion of haste
 h - 2 potions of magic
Books
 c - a book of Maledictions

   Spells                             Type                      Level
   a - Corona                         Hexes                        1
   b - Ensorcelled Hibernation        Hexes/Ice                    2
   c - Confuse                        Hexes                        3
   d - Tukima's Dance                 Hexes                        3
   e - Dazzling Spray                 Conjuration/Hexes            3
Comestibles
 d - a bread ration


   Skills:
 + Level 1.5 Fighting
 * Level 3.5 Short Blades
 + Level 1.3 Armour
 * Level 5.6 Dodging
 * Level 6.6 Stealth
 * Level 4.9 Spellcasting
 + Level 0.0 Conjurations
 + Level 4.5 Hexes
 + Level 0.0 Ice Magic


You couldn't memorise any spells.
You knew the following spells:

 Your Spells              Type           Power        Failure   Level  Hunger
a - Corona                Hex            ###....      2%          1    None
b - Ensorcelled Hibernat  Hex/Ice        ##....       9%          2    ##.....
c - Confuse               Hex            ###.....     7%          3    ###....
d - Tukima's Dance        Hex            ###.....     7%          3    ###....
e - Dazzling Spray        Conj/Hex       ##....       19%         3    ###....


Dungeon Overview and Level Annotations

Branches:
Dungeon (1/1)

Altars:

Annotations:
D Menkaure


Innate Abilities, Weirdness & Mutations

You are very small and have problems with some larger weapons.
You are too small for most types of armour.
You have supernaturally acute eyesight. (SInv)
You are a herbivore.
You cover ground extremely quickly.
You need consume almost no food.


Message History

You finish memorising.
Spell assigned to 'b'.
Memorise Confuse, consuming 3 spell levels and leaving 6?
You start memorising the spell.
You continue memorising. x3
You finish memorising.
Spell assigned to 'c'.
Memorise Tukima's Dance, consuming 3 spell levels and leaving 3?
You start memorising the spell.
You continue memorising. x3
You finish memorising.
Spell assigned to 'd'.
Memorise Dazzling Spray, consuming 3 spell levels and leaving 0?
You start memorising the spell.
You continue memorising. x3
You finish memorising.
Spell assigned to 'e'.
Unknown command.
You start resting.
Menkaure, Prince of Dust opens the door.
Menkaure is nearby!
Unknown command.
You see here a worker ant corpse.
You feel yourself speed up.
Menkaure shouts!
Menkaure hits you!
You die...

## ## ##. .##
..#m. # .$. ### #
#. #+###.# .#
#w##.##.†##..#
#+.<.'##@M.§#
#.ww##.##.a##..§.#
##. #+###.# .....
# .#H ### .... H#
#. ≈.. ## ## ≈. ≈


You could see Menkaure and a worker ant (sleeping).

Vanquished Creatures
  3 worker ants (D)
3 creatures vanquished.

Vanquished Creatures (others)
  A crocodile (D)
1 creature vanquished.

Grand Total: 4 creatures vanquished

Notes
Turn   | Place    | Note
-------+----------+-------------------------------------------
     0 | D        | Kidiri the Spriggan Enchanter began the quest for the Orb.
     0 | D        | Reached XP level 1. HP: 9/9 MP: 5/5
     1 | D        | Noticed a merfolk siren
     7 | D        | Noticed a hippogriff
     7 | D        | Noticed a hippogriff
    10 | D        | Noticed a worker ant
    10 | D        | Noticed a worker ant
    10 | D        | Noticed a worker ant
    10 | D        | Noticed a worker ant
    16 | D        | Killed a worker ant
    16 | D        | Reached skill level 1 in Fighting
    16 | D        | Reached skill level 5 in Stealth
    16 | D        | Reached XP level 2. HP: 2/14 MP: 6/8
    20 | D        | Reached skill level 1 in Armour
    20 | D        | Reached skill level 5 in Dodging
    20 | D        | Reached skill level 6 in Stealth
    20 | D        | Reached XP level 3. HP: 3/18 MP: 6/9
    25 | D        | Reached XP level 4. HP: 4/22 MP: 6/11
    30 | D        | Killed a crocodile
    31 | D        | Learned a level 2 spell: Ensorcelled Hibernation
    35 | D        | Learned a level 3 spell: Confuse
    39 | D        | Learned a level 3 spell: Tukima's Dance
    43 | D        | Learned a level 3 spell: Dazzling Spray
    51 | D        | Noticed Menkaure
    52 | D        | Slain by Menkaure

Vault maps used:
D:        the_violet_keep_of_menkaure

Skill      XL: |  1  2 |
---------------+-------+-----
Fighting       | 1 |  1.5
Short Blades   | 2 3 |  3.5
Dodging        | 4 5 |  5.6
Stealth        | 5 6 |  6.6
Spellcasting   | 4 |  4.9
Hexes          | 4 |  4.5
Armour         | 1 |  1.3

Action                   |  1- 3 |  4- 6 || total
-------------------------+-------+-------++-------
Melee: Dagger            |    10 |       ||    10
  Use: Potion            |     1 |       ||     1
 Stab: Sleeping          |     1 |       ||     1
Dodge: Dodged            |    11 |       ||    11

Table legend:
 A = Spawn XP
 B = Non-spawn XP
 C = Spawn XP percentage of total XP
 D = Spawn monster count
 E = Non-spawn monster count
 F = Spawn count percentage of total count
 G = Total turns spent on level
                    A         B        C        D         E        F      G
               +---------+---------+-------+---------+---------+-------+---------
         Total |       0 |      97 |   0.0 |       0 |       3 |   0.0 |    52
               +---------+---------+-------+---------+---------+-------+---------
             D |       0 |      97 |   0.0 |       0 |       3 |   0.0 |    52
               +---------+---------+-------+---------+---------+-------+---------
